 Dungeon Crawl Stone Soup version 0.27.1-34-g3ba077fa99 (webtiles) character file.

Game seed: 17556206671154472953

35 dropkickpikachu the Skirmisher (level 3, -10/33 HPs)
             Began as a Minotaur Berserker on Jan 4, 2022.
             Was a Follower of Trog.
             Mangled by a gnoll (16 damage)
             ... on level 2 of the Dungeon.
             The game lasted 00:06:09 (882 turns).

dropkickpikachu the Skirmisher (Minotaur Berserker)  Turns: 882, Time: 00:06:09

Health: -10/33     AC:  2    Str: 22    XL:     3   Next: 16%
Magic:  2/2        EV: 12    Int:  4    God:    Trog [*.....]
Gold:   131        SH:  0    Dex: 15    Spells: 2/2 levels left

rFire    . . .     SeeInvis .   a - +0 hand axe
rCold    . . .     Faith    .   (no shield)
rNeg     . . .     Spirit   .   b - +0 animal skin
rPois    .         Reflect  .   (helmet restricted)
rElec    .         Harm     .   (no cloak)
rCorr    .         Rampage  .   (no gloves)
Will     .....                  (no boots)
Stlth    +.........             (no amulet)
HPRegen  0.11/turn              e - +6 ring of dexterity
MPRegen  0.08/turn              (no ring)

@: on berserk cooldown, slowed, very slow
A: horns 2, retaliatory headbutt
a: Renounce Religion, Berserk


You were on level 2 of the Dungeon.
You worshipped Trog.
Trog was aware of your devotion.
You visited 1 branch of the dungeon, and saw 2 of its levels.

You collected 131 gold pieces.

Inventory:

Hand Weapons
 a - a +0 hand axe (weapon)
 c - a +0 mace
Armour
 b - a +0 animal skin (worn)
 f - a +0 leather armour
 g - a +0 troll leather armour
 j - a +0 scale mail
Jewellery
 e - a +6 ring of dexterity (left hand)
Scrolls
 d - 3 scrolls of identify {unknown}
 i - a scroll of magic mapping {unknown}
Potions
 h - a potion of curing {unknown}


   Skills:
 + Level 4.2 Fighting
 + Level 4.2 Axes
 + Level 2.6 Armour
 + Level 2.5 Dodging
 + Level 0.3 Stealth


You had 2 spell levels left.
You didn't know any spells.
Your spell library was empty.

Dungeon Overview and Level Annotations

Branches:
Dungeon (2/15)

Altars:


Innate Abilities, Weirdness & Mutations

You have a pair of horns on your head.
You reflexively headbutt those who attack you in melee.


Message History

A red film seems to cover your vision as you go berserk!
You feel yourself moving faster!
You feel mighty! The gnoll misses you.
The gnoll hits you from afar with a +0 halberd!
A goblin comes into view. It is wielding a +0 dagger.
You feel a strong urge to attack something.
The goblin shouts!
You slash the gnoll! Your headbutt misses the gnoll.
The gnoll is severely wounded.
You closely miss the quokka. You hit the gnoll. The gnoll barely misses you.
A dart slug comes into view.
The quokka bites you but does no damage.
You slash the gnoll!
You feel the power of Trog in you as your rage grows.
You kill the gnoll!
Trog accepts your kill.
You closely miss the gnoll. You slash the quokka!
You kill the quokka!
Trog accepts your kill.
The gnoll hits you from afar with a +0 halberd.
The gnoll hits you with a +0 halberd.
Your Axes skill increases to level 4!
You slash the gnoll!
You kill the gnoll!
Trog accepts your kill.
The gnoll hits you from afar with a +0 halberd!
* * * LOW HITPOINT WARNING * * *
You have reached level 3!
Your experience leads to an increase in your attributes!
Your base attributes are Str 21, Int 4, Dex 9.
Increase (S)trength, (I)ntelligence, or (D)exterity?
You feel stronger.
You feel a strong urge to attack something.
You feel your anger nearly subside.
You are no longer berserk.
You are exhausted.
You feel yourself slow down. The gnoll misses you.
The gnoll hits you from afar with a +0 halberd.
* * * LOW HITPOINT WARNING * * *
The gnoll hits you with a +0 halberd!
You die...

#≈..≈≈_≈≈≈≈≈#≈.#
.≈#≈#≈.).≈.≈≈##≈.#
#.≈≈.≈≈≈≈≈≈≈≈#≈.≈.#
.....#≈≈≈.≈.≈#≈##.#
####≈≈#.≈≈≈.##≈##.#
##.#≈'''##≈.##.##
#≈≈≈..≈.≈......#
######..###.###.#####
#...gg@.....# #.....#
#.####.####.# #.###.#
#.# #.# ...# #.# #g#
#.# ##### #.# #..)).#
#.# #># #...g.# #.#
#.# #...... #<#
######.###
.....w......
..........#
..#....>...
.#####...#.


You could see a gnoll and a goblin.

Vanquished Creatures
  2 gnolls (D:2)
  2 endoplasms (D:1)
  2 hobgoblins
  2 quokkas (D:2)
  A bat (D:1)
  A frilled lizard (D:1)
  4 kobolds (D:2)
  A rat (D:2)
  A spectral hobgoblin (D:2)
16 creatures vanquished.

Notes
Turn   | Place    | Note
-------+----------+-------------------------------------------
     0 | D:1      | dropkickpikachu the Minotaur Berserker began the quest for
                  | the Orb.
     0 | D:1      | Reached XP level 1. HP: 19/19 MP: 0/0
   680 | D:2      | Reached XP level 2. HP: 20/27 MP: 1/1
   823 | D:2      | Found a faded altar of an unknown god.
   873 | D:2      | Reached XP level 3. HP: 15/33 MP: 2/2
   882 | D:2      | Mangled by a gnoll

Illustrated notes

Levels and vault maps discovered:
D:1:      nicolae_arrival_somewhat_less_tricky_arrival, layout_loops_ring,
          lemuel_old_faithful
D:2:      layout_loops_ring, dreamdust_ecumenical_altar_drowned_temple,
          dk_noncrumbling_2

Skill      XL: |  1  2 |
---------------+-------+-----
Fighting       | 4 |  4.2
Axes           | 4 |  4.2
Armour         | |  2.6
Dodging        | |  2.5
Stealth        | |  0.3

Action                   || total
-------------------------++-------
Melee: Hand axe          ||    35
       Headbutt          ||     8
Invok: Berserk           ||     2
 Stab: Sleeping          ||     1
Armor: Animal skin       ||     8
Dodge: Dodged            ||    16
